cohdb
Replays
Latest Replays
All Replays
Popular Replays
Top Player Replays
Match Explorer
How It Works
Community
CoH3 Stats
Reddit
Sign in to upload your games and track your stats! →
Sign in with Steam
Match 47214453
Unlisted
Match 47214453
Overview
Messages
Build Orders
End
Construct Weapon Support Center
Scout Squad
M1919 Machine Gun Team
M1919 Machine Gun Team
Engineer Squad
Engineer Squad
Mechanized Support Center
Construct Medical Station
M1919 Machine Gun Team
Construct Motor Pool
M8 Greyhound Armored Car
Engineer Squad
Engineer Squad
Designate Forward Repair Station
M8 Greyhound Armored Car
Selects Heavy Weapons
Selects Assault Carriers
Selects Exchangeable Parts
Bazooka Squad
Vulpes
Ghost
CAuMOH
K̳itsuné
0
0
Comments
sign in to comment!
No comments posted yet!